 Dungeon Crawl Stone Soup version 0.29.0-4-gdea44cf6ec (webtiles) character file.

Game seed: 2048917626144000929

163 qw the Chopper (level 5, -2/30 HPs)
             Began as a Tengu Warper on Aug 28, 2022.
             Was an Initiate of Okawaru.
             Succumbed to an orc wizard's poison
             ... on level 3 of the Dungeon.
             The game lasted 00:00:17 (2423 turns).

qw the Chopper (Tengu Warper)                       Turns: 2423, Time: 00:00:17

Health: -2/30      AC:  5    Str: 13    XL:     5   Next: 44%
Magic:  9/9        EV: 13    Int: 13    God:    Okawaru [......]
Gold:   132        SH:  0    Dex: 14    Spells: 8/8 levels left

rFire   . . .      SeeInvis .   Y - +0 hand axe
rCold   . . .      Faith    .   (no shield)
rNeg    . . .      Spirit   .   f - +0 ring mail
rPois   .          Reflect  .   (helmet restricted)
rElec   .          Harm     .   (no cloak)
rCorr   .          Rampage  .   (no gloves)
Will    .....                   (boots unavailable)
Stlth   +.........              (no amulet)
HPRegen 0.10/turn               (no ring)
MPRegen 0.11/turn               (no ring)

@: lethally poisoned (-2 -> -26), flying quickly and evasively, quick
A: beak, talons 3, nimble flight
a: Renounce Religion


You were on level 3 of the Dungeon.
You worshipped Okawaru.
Okawaru was noncommittal.
You visited 1 branch of the dungeon, and saw 3 of its levels.

You collected 132 gold pieces.


Innate Abilities, Weirdness & Mutations

You have a beak for a mouth.
You have claws for feet.
Your magical nature lets you fly swiftly and evasively.


   Skills:
 - Level 2.0 Fighting
 + Level 6.0 Axes
 - Level 1.0 Throwing
 - Level 1.1 Armour
 - Level 2.1 Dodging
 - Level 2.0 Spellcasting
 - Level 2.4 Translocations


You had 8 spell levels left.
You didn't know any spells.
Your spell library contained the following spells:

 Spells                   Type           Power      Damage    Failure   Level
 Blink                    Tloc           14%        N/A       30%         2
 Gell's Gravitas          Tloc           7%         N/A       52%         3
 Lesser Beckoning         Tloc           7%         N/A       52%         3
 Teleport Other           Tloc           7%         N/A       52%         3
 Manifold Assault         Tloc           7%         N/A       99%         5

Inventory:

Hand Weapons
 l - a +0 flail
 Y - a +0 hand axe (weapon)
Missiles
 h - 3 boomerangs (quivered)
Armour
 c - a +0 plate armour
 f - a +0 ring mail (worn)
 k - a +0 pair of gloves
Scrolls
 a - 2 scrolls of identify
 j - a scroll of brand weapon {unknown}
Potions
 b - a potion of berserk rage {unknown}
 d - a potion of flight {unknown}
 e - a potion of curing {unknown}
 g - a potion of heal wounds {unknown}
 i - a potion of might {unknown}
 m - 2 potions of degeneration {unknown}

Dungeon Overview and Level Annotations

Branches:
Dungeon (3/15)

Altars:
Okawaru
Qazlal
Zin


Message History

The orc wizard gestures at you while chanting.
You resist with some effort.
You barely miss the orc wizard. Your kick misses the orc wizard.
The orc wizard is lightly wounded.
You feel sick.
The orc wizard hits you but does no damage.
You closely miss the orc wizard.
The orc wizard is lightly wounded.
You feel sick.
The orc wizard hits you with a +0 dagger of venom.
You closely miss the orc wizard. Your kick misses the orc wizard.
The orc wizard is lightly wounded.
You feel sick. The orc wizard misses you.
You miss the orc wizard. Your kick misses the orc wizard.
Your peck misses the orc wizard.
The orc wizard is lightly wounded.
You feel sick.
The orc wizard hits you but does no damage.
You are more poisoned.
You closely miss the orc wizard.
The orc wizard is lightly wounded.
You feel very sick.
The orc wizard hits you with a +0 dagger of venom.
You are lethally poisoned!
You hit the orc wizard.
You claw the orc wizard, but do no damage.
You peck the orc wizard.
The orc wizard is heavily wounded.
You feel very sick.
The orc wizard hits you but does no damage.
You barely miss the orc wizard. Your kick misses the orc wizard.
You peck the orc wizard.
You punch the orc wizard, but do no damage.
The orc wizard is severely wounded.
You feel very sick.
The orc wizard hits you with a +0 dagger of venom.
You are more poisoned.
You hit the orc wizard.
The orc wizard is almost dead.
You die...

#....... #....... #.......
#....... #....... ##.......
###############'##....##..
#.............#.##....##ยค.
#...####.@o.....##....##..
#...# #......####....##..
#...# #......####....##..
#...# #......##......##..
#...####......##+#.....###
#.............#...#....# .
##.......##'###...#....# .
#.......##.# #...#.#### .
##########.####'##....


You could see an orc wizard.

Vanquished Creatures
  An orc priest (D:3)
  Terence (D:2)
  5 adders (D:2)
  6 orcs (D:3)
  5 ball pythons
  An endoplasm (D:1)
  5 giant cockroaches
  4 goblins
  3 hobgoblins
  8 jackals
  5 kobolds
  A quokka (D:3)
  3 bats
  5 frilled lizards
  4 rats
57 creatures vanquished.

Notes
Turn   | Place    | Note
-------+----------+-------------------------------------------
     0 | D:1      | qw the Tengu Warper began the quest for the Orb.
     0 | D:1      | Reached XP level 1. HP: 12/12 MP: 4/4
     0 | D:1      | 0 ||| qw: Version: 0.1-a-89-g26bdef1
     0 | D:1      | 0 ||| qw: Game counter: 68
     0 | D:1      | 0 ||| qw: Always use a shield: true
     0 | D:1      | 0 ||| qw: God list: Okawaru
     0 | D:1      | 0 ||| qw: Allow faded altars: false
     0 | D:1      | 0 ||| qw: Do Orc after D:15 true
     0 | D:1      | 0 ||| qw: Do second Lair branch before Depths: true
     0 | D:1      | 0 ||| qw: Lair rune preference: random
     0 | D:1      | 0 ||| qw: Plans: Normal
     0 | D:1      | 0 ||| PLANNING D:1-11
    58 | D:1      | Found a faded altar of an unknown god.
   112 | D:1      | 112 ||| Stepping ~*~*~tactically~*~*~ (stealth).
   119 | D:1      | Reached XP level 2. HP: 17/17 MP: 6/6
   122 | D:1      | Reached skill level 3 in Axes
   596 | D:1      | 596 ||| DROPPING +0 club.
   771 | D:1      | 771 ||| UPGRADING to +0 ring mail.
   781 | D:1      | 781 ||| DROPPING +0 leather armour.
   782 | D:1      | 782 ||| READING scroll labelled CUTSIR UMEV.
   783 | D:1      | 783 ||| DROPPING scroll of blinking.
   805 | D:2      | Reached XP level 3. HP: 21/21 MP: 7/7
   815 | D:2      | Reached skill level 4 in Axes
   827 | D:2      | 827 ||| Stepping ~*~*~tactically~*~*~ (stealth).
   930 | D:2      | 930 ||| Stepping ~*~*~tactically~*~*~ (stealth).
   941 | D:2      | Reached XP level 4. HP: 19/26 MP: 8/8
   967 | D:2      | 967 ||| FLEEEEING.
   968 | D:2      | 968 ||| FLEEEEING.
   970 | D:2      | 970 ||| FLEEEEING.
   971 | D:2      | 971 ||| STAIRDANCE
  1062 | D:1      | 1062 ||| READING scroll labelled QIOPPY LILANK.
  1068 | D:2      | 1068 ||| STAIRDANCE
  1238 | D:2      | Noticed Terence
  1247 | D:2      | Killed Terence
  1248 | D:2      | Reached skill level 5 in Axes
  1655 | D:2      | 1655 ||| READING scroll labelled DEGAEC EBIS.
  1656 | D:2      | 1656 ||| DRINKING 2 sapphire potions.
  1692 | D:2      | 1692 ||| DROPPING potion of lignification.
  1733 | D:3      | Found a stormy altar of Qazlal.
  1817 | D:3      | 1817 ||| Stepping ~*~*~tactically~*~*~ (hiding).
  1818 | D:3      | 1818 ||| Stepping ~*~*~tactically~*~*~ (hiding).
  1819 | D:3      | 1819 ||| Stepping ~*~*~tactically~*~*~ (stealth).
  1820 | D:3      | 1820 ||| Stepping ~*~*~tactically~*~*~ (stealth).
  1821 | D:3      | 1821 ||| Stepping ~*~*~tactically~*~*~ (stealth).
  1833 | D:3      | Gained mutation: Your magical nature lets you fly swiftly
                  | and evasively. [Tengu growth]
  1833 | D:3      | Reached XP level 5. HP: 10/30 MP: 9/9
  1888 | D:3      | 1888 ||| FLEEEEING.
  2046 | D:3      | Found a glowing silver altar of Zin.
  2094 | D:3      | 2094 ||| Stepping ~*~*~tactically~*~*~ (stealth).
  2310 | D:3      | Reached skill level 6 in Axes
  2325 | D:3      | 2325 ||| DROPPING +0 whip.
  2346 | D:3      | Found an iron altar of Okawaru.
  2354 | D:3      | Became a worshipper of Warmaster Okawaru
  2422 | D:3      | HP: 4/30 [poisoned by an orc wizard]
  2423 | D:3      | Succumbed to an orc wizard's poison

Levels and vault maps discovered:
D:1:      shiori_shiawase, layout_loops_ring,
          hellmonk_ecumenical_altar_inner_sanctum
D:2:      layout_rooms, uniq_terence
D:3:      layout_basic, demons_altar, mainiacjoe_overflow_six_doors_small,
          old_standard_altar, mainiacjoe_overflow_concentric_impassable,
          mainiacjoe_overflow_catwalk_spiral

Skill      XL: |  1  2  3  4  5 |
---------------+----------------+-----
Axes           | 3 4 5 6 |  6.0
Fighting       | |  2.0
Throwing       | |  1.0
Armour         | |  1.1
Dodging        | |  2.1
Spellcasting   | |  2.0
Translocations | |  2.4

Action                   |  1- 3 |  4- 6 || total
-------------------------+-------+-------++-------
Melee: Hand axe          |    66 |    85 ||   151
       Peck              |    12 |    16 ||    28
       Kick              |    10 |    24 ||    34
       Punch             |       |     2 ||     2
Throw: Boomerang         |     7 |     5 ||    12
  Use: Scroll            |     1 |     2 ||     3
       Potion            |       |     1 ||     1
Armor: Leather armour    |     7 |       ||     7
       Ring mail         |    11 |    28 ||    39
Dodge: Dodged            |    33 |    38 ||    71

Table legend:
 A = Non-vault XP
 B = Vault XP
 C = Vault XP percentage of total XP
 D = Non-vault monster count
 E = Vault monster count
 F = Vault count percentage of total count
                 A         B        C        D         E       F
            +---------+---------+-------+---------+---------+-------
      Total |     198 |      36 |  15.4 |      56 |       1 |   1.8
            +---------+---------+-------+---------+---------+-------
        D:1 |      29 |       0 |   0.0 |      16 |       0 |   0.0
        D:2 |      89 |      36 |  28.8 |      21 |       1 |   4.5
        D:3 |      80 |       0 |   0.0 |      19 |       0 |   0.0
            +---------+---------+-------+---------+---------+-------
